AoeStats
← ING.PATRICK

Arabia

504519135Analyzed
1v1 RM · 28d ago on Sep 5, 2026· 18m 34s· 2 players
Game mode
Random Map
Map size
Tiny (2 player)
Population
200
Speed
Normal
Resources
Standard
Victory
Conquest
Starting age
Dark Age
Ending age
Imperial Age
RankedLock teamsTeams togetherTeam positionsShared explorationLock speedFull tech treeHidden civsTurbo modeCheats
Victory
Defeat
🇵🇪 Inca · Peru
1100
+18
🇺🇸 Inca · United States
1078
-15
MasterChampi
7:14 Loom
10:16 Feudal Age
10:53 Champi Runner
15:03 Scale Mail Armor
17:15 Double-Bit Axe
ING.PATRICK
6:30 Loom
9:00 Feudal Age
9:11 Champi Runner
15:03 Forging
16:20 Fletching
18:51 Scale Mail Armor
Connection lost

Rejoining the realm…

Still unreachable

The connection could not be restored.

Session expired

The server has moved on; the page needs a fresh start.